 Dungeon Crawl Stone Soup version 0.27.1 (webtiles) character file.

Game seed: 15664515240825646657

2925 MajorAdolf the Frost Mage (level 9, 0/20 (73) HPs)
             Began as a Naga Wanderer on Aug 26, 2021.
             Was an Initiate of Gozag.
             Slain by a wight (4 damage)
             ... on level 7 of the Dungeon.
             The game lasted 00:19:07 (10605 turns).

MajorAdolf the Frost Mage (Naga Wanderer)          Turns: 10605, Time: 00:19:08

HP:   0/20 (73)     AC: 17    Str: 15    XL:     9   Next: 79%
MP:   10/10         EV:  9    Int: 14    God:    Gozag
Gold: 299           SH:  0    Dex: 12    Spells: 3/10 levels left

rFire    . . .     SeeInvis +   d - +0 dagger
rCold    . . .     Faith    .   (no shield)
rNeg     . . .     Spirit   .   b - +0 robe
rPois    +         Reflect  .   (no helmet)
rElec    .         Harm     .   v - +0 cloak
rCorr    .         Rampage  .   c - +0 pair of gloves
Will     +....                  (no barding)
Stlth    ++........             g - amulet "Koxt" {RegenMP Regen+}
HPRegen  1.06/turn              n - +4 ring of protection
MPRegen  0.37/turn              u - ring of flight

@: ice-armoured, flying, extremely drained, very slow
A: AC +3, large, see invisible, deformed body, poison resistance, slowness 2,
spit poison 1, naga tail 1
a: Spit Poison, Renounce Religion, Potion Petition, Call Merchant, Bribe Branch


You were on level 7 of the Dungeon.
You worshipped Gozag.
Gozag was aware of your devotion.
You visited 2 branches of the dungeon, and saw 8 of its levels.

You collected 461 gold pieces.
You paid 162 gold pieces to Gozag.

Inventory:

Hand Weapons
 a - a +0 club
 d - a +0 dagger (weapon)
 e - a +0 dagger
Missiles
 w - 4 throwing nets
Armour
 b - a +0 robe (worn)
 c - a +0 pair of gloves (worn)
 v - a +0 cloak (worn)
Magical Staves
 p - a staff of earth
Jewellery
 f - a ring of willpower
 g - the amulet "Koxt" (around neck) {RegenMP Regen+}
   (You acquired it on level 6 of the Dungeon)

   [amulet of magic regeneration]

   It increases your rate of magic regeneration.
   Regen:     It increases your rate of health regeneration.
 n - a +4 ring of protection (left hand)
 u - a ring of flight (right hand)
Scrolls
 i - 2 scrolls of identify
 j - a scroll of vulnerability
 r - a scroll of noise {unknown}
 s - a scroll of holy word {unknown}
Potions
 h - a potion of ambrosia {unknown}
 k - 6 potions of curing
 l - a potion of invisibility {unknown}
 o - 3 potions of mutation
 t - a potion of attraction


   Skills:
 - Level 2.0 Fighting
 - Level 3.0 Stealth
 - Level 1.0 Shields
 - Level 1.0 Spellcasting
 - Level 1.0 Summonings
 + Level 13.1 Ice Magic


You had 3 spell levels left.
You knew the following spells:

 Your Spells              Type           Power      Damage    Failure   Level
a - Freeze                Ice            100%       1d11      1%          1
b - Frozen Ramparts       Ice            74%        1d9       1%          3
c - Ozocubu's Armour      Ice            37%        N/A       1%          3

Your spell library contained the following spells:

 Spells                   Type           Power      Damage    Failure   Level
 Apportation              Tloc           0%         N/A       26%         1
 Gell's Gravitas          Tloc           0%         N/A       61%         3
 Portal Projectile        Hex/Tloc       0%         N/A       61%         3
 Teleport Other           Tloc           0%         N/A       61%         3
 Hailstorm                Conj/Ice       19%        3d6       19%         4
 Ozocubu's Refrigeration  Ice            18%        4d8       71%         7
 Dispersal                Tloc           0%         N/A       100%        6


Dungeon Overview and Level Annotations

Branches:
Dungeon (7/15)             Temple (1/1) D:5

Altars:
Ashenzari
Cheibriados
Dithmenos
Elyvilon
Fedhas
Gozag
Hepliaklqana
Kikubaaqudgha
Makhleb
Nemelex Xobeh
Okawaru
Qazlal
Ru
Sif Muna
Trog
Vehumet
Wu Jian
Xom
Yredelemnul
Zin
The Shining One

Shops:
D:4 ?   D:7 (

Annotations:
D:6 2 transporters, Millie's ghost, amateur MiFi


Innate Abilities, Weirdness & Mutations

Your serpentine skin is tough. (AC +3)
You have supernaturally acute eyesight. (SInv)
Armour fits poorly on your strangely shaped body.
Your system is resistant to poisons. (rPois)
You cover ground very slowly.
You can spit poison.
You have a snake-like lower body.


Message History

The wight is severely damaged.
The wight hits you with a +0 flail.
* * * LOW HITPOINT WARNING * * *
You hit the wight but do no damage.
The wight is severely damaged.
The wight hits you but does no damage.
Unknown command.
You hit the wight but do no damage.
The wight is severely damaged.
The wight barely misses you.
You hit the wight.
The wight is severely damaged.
The wight completely misses you.
Unknown command.
You barely miss the wight.
The wight is severely damaged.
The wight misses you.
Unknown command.
You hit the wight but do no damage.
The wight is severely damaged.
The wight hits you but does no damage.
You barely miss the wight.
The wight is severely damaged.
The wight hits you with a +0 flail.
Unknown command.
You hit the wight but do no damage.
The wight is severely damaged.
The wight hits you but does no damage.
Unknown command.
Unknown command.
You hit the wight but do no damage.
The wight is severely damaged.
The wight hits you with a +0 flail.
* * * LOW HITPOINT WARNING * * *
Unknown command.
You closely miss the wight.
The wight is severely damaged.
The wight hits you with a +0 flail.
You die...
Your body crumbles into a pile of gold.

#...# ##.. ## #...# #..
#.#####..## #.. #........#
#.. ##.......# ##..
#......## #..# #.......#
#..# ##.###..# ##..#
#@##...## #..##
#.z.....######..##
##.......#.......#
#............#...
#...##.......#...
#...##........... ####
####...##...........
#..#####..>...#............
#.....[...)..........######


You could see a wight.

Vanquished Creatures
  Harold (D:6)
  Prince Ribbit (D:7)
  3 yaks (D:6)
  2 sky beasts (D:6)
  An orc warrior (D:6)
  2 necrophages
  An ogre (D:6)
  3 scorpions
  A wyvern zombie (D:6)
  4 killer bees
  3 wights
  A bullfrog zombie (D:5)
  An orc priest (D:6)
  6 hounds
  A jelly (D:6)
  2 orc wizards
  A hound skeleton (D:5)
  10 adders
  A shadow imp (D:6)
  3 ufetubi
  A worm (D:1)
  2 dart slugs
  10 orcs
  7 bats
  4 endoplasms
  3 giant cockroaches
  10 goblins
  2 hobgoblins
  3 jackals (D:4)
  A quokka (D:3)
  5 ball pythons
  3 frilled lizards
  10 kobolds
  5 rats
114 creatures vanquished.

Notes
Turn   | Place    | Note
-------+----------+-------------------------------------------
     0 | D:1      | MajorAdolf the Naga Wanderer began the quest for the Orb.
     0 | D:1      | MajorAdolf set off with the following items: a +0 club, a
                  | +0 robe, a potion of curing, a +0 dagger; and the following
                  | spells available to memorise: Freeze, Apportation, Frozen
                  | Ramparts, Ozocubu's Armour, Portal Projectile, Hailstorm
     0 | D:1      | Reached XP level 1. HP: 19/19 MP: 2/2
     2 | D:1      | Learned a level 1 spell: Freeze
   656 | D:1      | Reached XP level 2. HP: 26/26 MP: 0/3
  1920 | D:2      | Found a faded altar of an unknown god.
  1943 | D:1      | Reached skill level 4 in Ice Magic
  2170 | D:2      | Reached XP level 3. HP: 32/32 MP: 4/4
  2812 | D:2      | Learned a level 3 spell: Frozen Ramparts
  2847 | D:2      | Reached XP level 4. HP: 39/39 MP: 3/5
  3301 | D:3      | Reached skill level 5 in Ice Magic
  4509 | D:4      | Noticed a scorpion
  4520 | D:4      | Killed a scorpion
  4521 | D:4      | Reached skill level 6 in Ice Magic
  4521 | D:4      | Reached XP level 5. HP: 35/45 MP: 0/6
  4785 | D:4      | Found Fiazawal's Magic Scroll Emporium.
  5450 | D:5      | Entered Level 5 of the Dungeon
  5458 | D:5      | Reached XP level 6. HP: 52/52 MP: 7/7
  5845 | D:4      | Reached skill level 7 in Ice Magic
  5991 | D:5      | Reached XP level 7. HP: 35/60 MP: 0/8
  6218 | D:5      | Reached skill level 8 in Ice Magic
  6279 | D:5      | Learned a level 3 spell: Ozocubu's Armour
  6384 | D:5      | Found a staircase to the Ecumenical Temple.
  6689 | D:5      | Identified the +7 morningstar "Orb Guardian's Peril"
                  | {distort, rF+ rC+ Dex+4 Stlth-}
  6820 | D:6      | Identified a scroll of acquirement
  6820 | D:6      | Acquired the amulet "Koxt" {RegenMP Regen+}
  7009 | D:6      | Reached skill level 9 in Ice Magic
  7014 | D:6      | Reached XP level 8. HP: 47/67 MP: 7/9
  7079 | D:6      | Found a transporter.
  7344 | D:6      | Noticed a yak
  7345 | D:6      | Noticed a yak
  7358 | D:6      | Killed a yak
  7359 | D:6      | Reached skill level 10 in Ice Magic
  7362 | D:6      | Noticed a yak
  7386 | D:6      | Killed a yak
  7405 | D:6      | Killed a yak
  7530 | D:6      | Found a transporter.
  7550 | D:6      | Noticed Millie's ghost (amateur MiFi)
  7587 | D:6      | Reached skill level 11 in Ice Magic
  7828 | D:6      | Reached XP level 9. HP: 68/73 MP: 5/10
  8015 | D:7      | Noticed Prince Ribbit
  8038 | D:7      | Killed Prince Ribbit
  8411 | D:7      | Noticed Harold
  8419 | D:7      | Found Coli's Antique Weapon Shop.
  8436 | D:6      | Killed Harold
  8437 | D:6      | Reached skill level 12 in Ice Magic
  8644 | Temple   | Entered the Ecumenical Temple
  9159 | Temple   | Became a worshipper of Gozag Ym Sagoz the Greedy
  9621 | D:7      | Reached skill level 13 in Ice Magic
 10605 | D:7      | Slain by a wight

Illustrated notes

Levels and vault maps discovered:
D:1:      zelgadis_glass_arrival_small, layout_loops_corners
D:2:      layout_rooms, shapermc_ecumenical_altar_mp_highgroup
D:3:      layout_rooms, serial_glass, glass_columns_b, glass_columns_a,
          item_on_display_a, feat_on_display, due_unseen_surprise,
          serial_bayou_pond_e, minivault_11
D:4:      layout_loops_cross, serial_shops, shop, kennysheep_generic_room_8
D:5:      layout_basic, minmay_temple_entry_drinking_statues
D:6:      layout_gridville, gammafunk_ghost_stat_death
D:7:      layout_layer_cave, serial_shops, shop_fountains,
          minmay_misc_feat_tiny, st_stairs_6, uniq_pikel, uniq_harold,
          uniq_prince_ribbit1
Temple:   compressed_dpeg_triangle_lava_temple

Skill      XL: |  1  2  3  4  5  6  7  8  9 |
---------------+----------------------------+-----
Ice Magic      | 4 6 7 9 11 13 | 13.1
Fighting       | |  2.0
Stealth        | |  3.0
Shields        | |  1.0
Spellcasting   | |  1.0
Summonings     | |  1.0

Action                   |  1- 3 |  4- 6 |  7- 9 || total
-------------------------+-------+-------+-------++-------
Melee: Club              |     7 |       |       ||     7
       Dagger            |    30 |    25 |   340 ||   395
 Cast: Freeze            |    37 |    72 |    52 ||   161
       Frozen Ramparts   |       |     6 |    32 ||    38
       Ozocubu's Armour  |       |       |    16 ||    16
 Abil: Spit Poison       |    16 |     3 |     8 ||    27
  Use: Potion            |     1 |       |     3 ||     4
       Scroll            |       |       |     9 ||     9
 Stab: Sleeping          |       |     1 |       ||     1
Armor: Robe              |    23 |    54 |   139 ||   216
       Skin              |       |       |    91 ||    91
Dodge: Dodged            |    54 |    61 |   156 ||   271
